[ PARTIDA AOE2 · #478324992 ]
UnrankedPersas vs Portuguese
[ ANÁLISIS DE REPETICIÓN · EXTRAÍDO DE LA PARTIDA GRABADA ]
Feudal
14:01
Castillos
17:19
Imperial
31:26
| APM promedio | 30.9 |
| APM pico | 58 |
| eAPM promedio | 21.4 |
| Aldeanos / militares | 132 / 1 |
Foco
⚔️ 22.7% · 🌾 77.3%
Monk ×1
Feudal
15:00
Castillos
—
Imperial
—
| APM promedio | 34.1 |
| APM pico | 86 |
| eAPM promedio | 9.1 |
| Aldeanos / militares | 25 / 0 |
Foco
⚔️ 12.3% · 🌾 87.7%
Feudal
14:40
Castillos
31:07
Imperial
—
| APM promedio | 36.9 |
| APM pico | 101 |
| eAPM promedio | 19.6 |
| Aldeanos / militares | 48 / 17 |
Foco
⚔️ 22.3% · 🌾 77.7%
Scout Cavalry ×17
Feudal
15:27
Castillos
19:01
Imperial
—
| APM promedio | 38.0 |
| APM pico | 82 |
| eAPM promedio | 19.7 |
| Aldeanos / militares | 136 / 31 |
Foco
⚔️ 26.6% · 🌾 73.4%
Genoese Crossbowman ×23 · Mangonel ×5 · Battering Ram ×2 · Scorpion ×1
Feudal
14:53
Castillos
18:56
Imperial
—
| APM promedio | 34.8 |
| APM pico | 78 |
| eAPM promedio | 19.2 |
| Aldeanos / militares | 90 / 32 |
Foco
⚔️ 41.5% · 🌾 58.5%
Archer ×26 · Spearman ×6
Feudal
15:12
Castillos
22:29
Imperial
—
| APM promedio | 53.0 |
| APM pico | 109 |
| eAPM promedio | 27.4 |
| Aldeanos / militares | 75 / 10 |
Foco
⚔️ 36.7% · 🌾 63.3%
Mangonel ×10
Feudal
13:42
Castillos
17:40
Imperial
—
| APM promedio | 33.7 |
| APM pico | 48 |
| eAPM promedio | 20.0 |
| Aldeanos / militares | 79 / 7 |
Foco
⚔️ 23.2% · 🌾 76.8%
Scorpion ×3 · Monk ×1 · Mangonel ×1 · Spearman ×1 · Battering Ram ×1
Feudal
12:38
Castillos
21:01
Imperial
—
| APM promedio | 35.4 |
| APM pico | 60 |
| eAPM promedio | 15.9 |
| Aldeanos / militares | 52 / 35 |
Foco
⚔️ 30.0% · 🌾 70.0%
Cavalry Archer ×26 · Scout Cavalry ×7 · Mangonel ×2
Mapa de la partida
Recursos iniciales + cada clic de construcción. Líneas = muros · curvas = relieve. ◆ oro · ⬟ piedra · ● bayas · ✦ reliquia · ◌ hueco del cierre
Tu base· Abierta — flanco sin cerrar
Base de Biba· Abierta — hueco de 7t
Base de JAxys· Abierta — flanco sin cerrar
Base de IncredulousFox· Abierta — flanco sin cerrar
Base de TOP GOON: MAVERICK· Abierta — hueco de 10t
Base de Armazmar· Abierta — hueco de 4t
Base de wylyu· Abierta — flanco sin cerrar
Base de acimasizabbas· Abierta — hueco de 8t
Terreno inicial suavizado · ◌ = hueco del cierre detectado · pasá el cursor para detalles
Inputs por minuto
— 'lu - - Biba
Build order — 'lu
Primeras 150 de 270 acciones detectadas
| 0:27 | Construir | Town Center |
| 1:17 | Construir | House |
| 1:18 | Construir | House |
| 2:31 | Crear | Villager (Male) |
| 2:31 | Crear | Villager (Male) |
| 2:31 | Crear | Villager (Male) |
| 2:32 | Crear | Villager (Male) |
| 2:32 | Crear | Villager (Male) |
| 4:15 | Construir | Lumber Camp |
| 4:26 | Crear | Villager (Male) |
| 4:26 | Crear | Villager (Male) |
| 5:09 | Crear | Villager (Male) |
| 5:10 | Crear | Villager (Male) |
| 5:16 | Investigar | Loom |
| 5:16 | Crear | Villager (Male) |
| 5:16 | Crear | Villager (Male) |
| 5:23 | Construir | Palisade Wall |
| 5:44 | Crear | Villager (Male) |
| 6:04 | Crear | Villager (Male) |
| 6:32 | Construir | House |
| 6:34 | Construir | House |
| 7:06 | Crear | Villager (Male) |
| 7:06 | Crear | Villager (Male) |
| 7:46 | Crear | Villager (Male) |
| 7:48 | Crear | Villager (Male) |
| 7:48 | Crear | Villager (Male) |
| 7:56 | Construir | Mill |
| 9:07 | Construir | Palisade Wall |
| 9:11 | Construir | Palisade Wall |
| 9:19 | Crear | Villager (Male) |
| 9:29 | Construir | Mining Camp |
| 9:32 | Construir | Palisade Wall |
| 9:38 | Construir | Palisade Wall |
| 9:58 | Crear | Villager (Male) |
| 9:59 | Crear | Villager (Male) |
| 10:02 | Crear | Villager (Male) |
| 10:54 | Crear | Villager (Male) |
| 10:54 | Crear | Villager (Male) |
| 10:54 | Crear | Villager (Male) |
| 10:55 | Crear | Villager (Male) |
| 10:55 | Crear | Villager (Male) |
| 11:01 | Crear | Villager (Male) |
| 11:01 | Crear | Villager (Male) |
| 11:53 | Investigar | Feudal Age |
| 13:30 | Construir | Palisade Wall |
| 13:57 | Crear | Villager (Male) |
| 13:57 | Crear | Villager (Male) |
| 14:01 | Edad | Edad Feudal |
| 14:02 | Construir | Market |
| 14:04 | Construir | Blacksmith |
| 14:36 | Construir | House |
| 14:53 | Investigar | Castle Age |
| 16:08 | Investigar | Double-Bit Axe |
| 16:09 | Investigar | Horse Collar |
| 16:21 | Construir | Farm |
| 16:22 | Construir | Farm |
| 16:27 | Construir | Farm |
| 16:35 | Construir | Farm |
| 16:39 | Construir | Farm |
| 16:59 | Crear | Villager (Male) |
| 17:19 | Edad | Edad de los Castillos |
| 17:40 | Construir | Town Center |
| 17:47 | Construir | Town Center |
| 17:52 | Crear | Villager (Male) |
| 17:57 | Crear | Villager (Male) |
| 18:00 | Construir | House |
| 18:18 | Crear | Villager (Male) |
| 18:40 | Investigar | Bow Saw |
| 19:06 | Crear | Villager (Male) |
| 19:24 | Crear | Villager (Male) |
| 19:24 | Crear | Villager (Male) |
| 19:35 | Crear | Villager (Male) |
| 20:10 | Construir | House |
| 20:12 | Crear | Villager (Male) |
| 20:16 | Crear | Villager (Male) |
| 20:16 | Crear | Villager (Male) |
| 20:17 | Crear | Villager (Male) |
| 20:25 | Crear | Villager (Male) |
| 20:26 | Crear | Villager (Male) |
| 20:29 | Construir | Farm |
| 20:33 | Crear | Villager (Male) |
| 20:36 | Construir | Farm |
| 20:44 | Construir | Farm |
| 20:49 | Crear | Villager (Male) |
| 20:49 | Crear | Villager (Male) |
| 20:57 | Construir | Farm |
| 20:59 | Construir | Farm |
| 21:18 | Crear | Villager (Male) |
| 21:18 | Crear | Villager (Male) |
| 21:18 | Crear | Villager (Male) |
| 21:31 | Construir | Farm |
| 21:31 | Construir | Farm |
| 21:36 | Construir | Farm |
| 21:38 | Construir | Farm |
| 21:39 | Crear | Villager (Male) |
| 21:39 | Crear | Villager (Male) |
| 21:39 | Crear | Villager (Male) |
| 22:02 | Crear | Villager (Male) |
| 22:02 | Crear | Villager (Male) |
| 22:08 | Construir | House |
| 22:09 | Construir | House |
| 22:10 | Construir | House |
| 22:13 | Crear | Villager (Male) |
| 22:13 | Crear | Villager (Male) |
| 22:19 | Construir | Town Center |
| 22:24 | Construir | Farm |
| 22:24 | Construir | Farm |
| 22:25 | Construir | Farm |
| 22:25 | Construir | Farm |
| 22:32 | Crear | Villager (Male) |
| 22:35 | Construir | House |
| 22:37 | Crear | Villager (Male) |
| 22:37 | Crear | Villager (Male) |
| 22:51 | Crear | Villager (Male) |
| 22:55 | Construir | Farm |
| 22:56 | Construir | Farm |
| 23:01 | Construir | Farm |
| 23:01 | Construir | Farm |
| 23:03 | Crear | Villager (Male) |
| 23:03 | Crear | Villager (Male) |
| 23:03 | Crear | Villager (Male) |
| 23:12 | Construir | Monastery |
| 23:14 | Construir | House |
| 23:15 | Construir | House |
| 23:16 | Crear | Villager (Male) |
| 23:16 | Crear | Villager (Male) |
| 23:17 | Crear | Villager (Male) |
| 23:23 | Crear | Villager (Male) |
| 23:29 | Construir | Farm |
| 23:33 | Investigar | Heavy Plow |
| 23:49 | Construir | Farm |
| 23:50 | Construir | Farm |
| 23:53 | Construir | Farm |
| 24:03 | Crear | Villager (Male) |
| 24:03 | Crear | Villager (Male) |
| 24:04 | Crear | Monk |
| 24:06 | Crear | Villager (Male) |
| 24:06 | Crear | Villager (Male) |
| 24:09 | Construir | Farm |
| 24:10 | Construir | Farm |
| 24:11 | Construir | Farm |
| 24:12 | Construir | Farm |
| 24:16 | Crear | Villager (Male) |
| 24:20 | Construir | Farm |
| 24:26 | Crear | Villager (Male) |
| 24:41 | Construir | Farm |
| 24:46 | Construir | Farm |
| 24:48 | Construir | Farm |
| 24:48 | Construir | Farm |
| 24:49 | Crear | Villager (Male) |
Build order — Biba
56 acciones detectadas en el replay
| 0:20 | Construir | Town Center |
| 2:37 | Construir | House |
| 2:38 | Construir | House |
| 2:41 | Crear | Villager (Male) |
| 2:41 | Crear | Villager (Male) |
| 2:46 | Crear | Villager (Male) |
| 2:46 | Crear | Villager (Male) |
| 4:05 | Construir | House |
| 4:12 | Construir | House |
| 4:36 | Construir | House |
| 4:59 | Crear | Villager (Male) |
| 4:59 | Crear | Villager (Male) |
| 4:59 | Crear | Villager (Male) |
| 5:39 | Crear | Villager (Male) |
| 5:52 | Crear | Villager (Male) |
| 5:53 | Investigar | Loom |
| 5:56 | Crear | Villager (Male) |
| 5:56 | Crear | Villager (Male) |
| 6:02 | Construir | House |
| 6:33 | Construir | House |
| 7:07 | Construir | House |
| 7:24 | Crear | Villager (Male) |
| 7:39 | Construir | House |
| 7:48 | Construir | House |
| 8:28 | Construir | House |
| 8:31 | Construir | House |
| 8:49 | Crear | Villager (Male) |
| 8:50 | Crear | Villager (Male) |
| 9:15 | Construir | Mill |
| 9:30 | Crear | Villager (Male) |
| 9:47 | Crear | Villager (Male) |
| 10:19 | Construir | Mining Camp |
| 10:53 | Construir | House |
| 10:54 | Construir | House |
| 12:50 | Investigar | Feudal Age |
| 13:22 | Crear | Villager (Male) |
| 13:51 | Construir | Mining Camp |
| 14:01 | Crear | Villager (Male) |
| 14:30 | Crear | Villager (Male) |
| 15:00 | Edad | Edad Feudal |
| 15:19 | Construir | Watch Tower |
| 16:16 | Construir | Blacksmith |
| 17:09 | Construir | Watch Tower |
| 17:55 | Construir | House |
| 18:13 | Crear | Villager (Male) |
| 18:13 | Crear | Villager (Male) |
| 19:18 | Construir | Watch Tower |
| 22:25 | Construir | Mill |
| 24:15 | Construir | Town Center |
| 27:14 | Construir | Mill |
| 27:38 | Construir | Mill |
| 29:31 | Construir | Town Center |
| 30:49 | Crear | Villager (Male) |
| 30:49 | Crear | Villager (Male) |
| 30:49 | Crear | Villager (Male) |
| 30:50 | Crear | Villager (Male) |
Build order — JAxys
138 acciones detectadas en el replay
| 0:07 | Construir | House |
| 0:24 | Construir | Town Center |
| 2:38 | Crear | Villager (Male) |
| 2:39 | Crear | Villager (Male) |
| 2:39 | Crear | Villager (Male) |
| 2:39 | Crear | Villager (Male) |
| 3:19 | Investigar | Loom |
| 3:26 | Crear | Villager (Male) |
| 3:26 | Crear | Villager (Male) |
| 3:37 | Crear | Villager (Male) |
| 3:47 | Construir | House |
| 3:55 | Construir | House |
| 4:04 | Crear | Villager (Male) |
| 4:20 | Construir | House |
| 5:11 | Crear | Villager (Male) |
| 5:12 | Crear | Villager (Male) |
| 5:18 | Construir | House |
| 5:40 | Crear | Villager (Male) |
| 5:40 | Crear | Villager (Male) |
| 5:49 | Construir | House |
| 5:51 | Construir | House |
| 6:12 | Construir | Palisade Wall |
| 6:29 | Crear | Villager (Male) |
| 6:29 | Crear | Villager (Male) |
| 6:29 | Crear | Villager (Male) |
| 6:42 | Construir | House |
| 6:48 | Construir | House |
| 7:08 | Crear | Villager (Male) |
| 7:09 | Crear | Villager (Male) |
| 7:33 | Crear | Villager (Male) |
| 7:47 | Crear | Villager (Male) |
| 7:57 | Crear | Villager (Male) |
| 8:17 | Construir | House |
| 8:38 | Crear | Villager (Male) |
| 8:38 | Crear | Villager (Male) |
| 8:39 | Crear | Villager (Male) |
| 9:28 | Crear | Villager (Male) |
| 9:57 | Construir | Mining Camp |
| 10:12 | Construir | House |
| 10:22 | Crear | Villager (Male) |
| 10:23 | Crear | Villager (Male) |
| 11:33 | Crear | Villager (Male) |
| 11:38 | Construir | Mining Camp |
| 12:03 | Crear | Villager (Male) |
| 12:07 | Construir | Lumber Camp |
| 12:21 | Construir | House |
| 12:29 | Construir | Palisade Wall |
| 12:30 | Investigar | Feudal Age |
| 13:23 | Construir | Barracks |
| 13:35 | Construir | House |
| 14:15 | Construir | Mill |
| 14:40 | Edad | Edad Feudal |
| 14:46 | Construir | Watch Tower |
| 15:03 | Construir | Watch Tower |
| 15:12 | Crear | Villager (Male) |
| 15:31 | Construir | Palisade Wall |
| 15:33 | Construir | Palisade Wall |
| 16:10 | Crear | Villager (Male) |
| 16:10 | Crear | Villager (Male) |
| 16:10 | Crear | Villager (Male) |
| 16:33 | Construir | Stable |
| 16:37 | Construir | House |
| 16:51 | Crear | Villager (Male) |
| 16:51 | Crear | Villager (Male) |
| 17:14 | Crear | Scout Cavalry |
| 17:14 | Crear | Scout Cavalry |
| 17:14 | Crear | Scout Cavalry |
| 17:55 | Crear | Villager (Male) |
| 17:55 | Crear | Villager (Male) |
| 18:22 | Construir | Blacksmith |
| 18:55 | Crear | Scout Cavalry |
| 18:55 | Crear | Scout Cavalry |
| 19:09 | Investigar | Scale Barding Armor |
| 19:47 | Crear | Scout Cavalry |
| 19:48 | Crear | Villager (Male) |
| 20:23 | Construir | Farm |
| 20:24 | Construir | Farm |
| 20:24 | Construir | Farm |
| 20:37 | Construir | Farm |
| 20:43 | Crear | Villager (Male) |
| 20:53 | Construir | Farm |
| 21:04 | Crear | Villager (Male) |
| 21:08 | Construir | Farm |
| 21:51 | Crear | Villager (Male) |
| 22:11 | Construir | Farm |
| 22:12 | Construir | Farm |
| 22:28 | Crear | Villager (Male) |
| 22:28 | Crear | Villager (Male) |
| 22:31 | Construir | House |
| 22:32 | Construir | House |
| 23:08 | Crear | Villager (Male) |
| 23:08 | Crear | Villager (Male) |
| 23:08 | Crear | Villager (Male) |
| 24:07 | Crear | Scout Cavalry |
| 24:07 | Crear | Scout Cavalry |
| 24:21 | Construir | Mill |
| 24:55 | Construir | Palisade Wall |
| 24:58 | Construir | Palisade Wall |
| 24:59 | Construir | Palisade Wall |
| 25:18 | Investigar | Bloodlines |
| 25:23 | Crear | Scout Cavalry |
| 25:24 | Crear | Villager (Male) |
| 25:24 | Crear | Villager (Male) |
| 26:08 | Crear | Villager (Male) |
| 26:11 | Construir | Farm |
| 26:14 | Construir | Farm |
| 26:22 | Investigar | Horse Collar |
| 26:40 | Construir | House |
| 26:41 | Construir | House |
| 27:00 | Investigar | Double-Bit Axe |
| 27:43 | Construir | House |
| 28:27 | Investigar | Castle Age |
| 28:38 | Crear | Scout Cavalry |
| 28:39 | Crear | Scout Cavalry |
| 29:15 | Construir | Palisade Wall |
| 30:04 | Crear | Scout Cavalry |
| 30:08 | Construir | Stable |
| 30:17 | Construir | Mill |
| 30:18 | Construir | Farm |
| 30:18 | Construir | Farm |
| 30:18 | Construir | Farm |
| 30:19 | Construir | Farm |
| 30:19 | Construir | Farm |
| 30:19 | Construir | Farm |
| 30:21 | Construir | Farm |
| 30:53 | Crear | Scout Cavalry |
| 30:53 | Crear | Scout Cavalry |
| 31:05 | Construir | Gate |
| 31:07 | Edad | Edad de los Castillos |
| 31:07 | Construir | House |
| 31:14 | Investigar | Light Cavalry (upgrade) |
| 31:18 | Crear | Scout Cavalry |
| 31:26 | Construir | Town Center |
| 31:30 | Investigar | Heavy Plow |
| 31:32 | Construir | Farm |
| 31:33 | Construir | Farm |
| 31:37 | Crear | Scout Cavalry |
| 31:37 | Crear | Scout Cavalry |
Build order — IncredulousFox
Primeras 150 de 240 acciones detectadas
| 0:17 | Construir | Town Center |
| 0:26 | Construir | House |
| 1:38 | Construir | House |
| 2:45 | Crear | Villager (Male) |
| 2:45 | Crear | Villager (Male) |
| 2:45 | Crear | Villager (Male) |
| 2:45 | Crear | Villager (Male) |
| 3:19 | Crear | Villager (Male) |
| 3:19 | Crear | Villager (Male) |
| 3:19 | Crear | Villager (Male) |
| 3:19 | Crear | Villager (Male) |
| 3:19 | Crear | Villager (Male) |
| 3:19 | Crear | Villager (Male) |
| 3:19 | Crear | Villager (Male) |
| 3:19 | Crear | Villager (Male) |
| 3:19 | Crear | Villager (Male) |
| 3:19 | Crear | Villager (Male) |
| 3:19 | Crear | Villager (Male) |
| 3:19 | Crear | Villager (Male) |
| 3:19 | Crear | Villager (Male) |
| 3:19 | Crear | Villager (Male) |
| 3:19 | Crear | Villager (Male) |
| 3:19 | Crear | Villager (Male) |
| 3:19 | Crear | Villager (Male) |
| 3:20 | Crear | Villager (Male) |
| 3:20 | Crear | Villager (Male) |
| 3:20 | Crear | Villager (Male) |
| 3:20 | Crear | Villager (Male) |
| 3:20 | Crear | Villager (Male) |
| 3:20 | Crear | Villager (Male) |
| 3:20 | Crear | Villager (Male) |
| 3:20 | Crear | Villager (Male) |
| 3:20 | Crear | Villager (Male) |
| 3:20 | Crear | Villager (Male) |
| 3:20 | Crear | Villager (Male) |
| 3:20 | Crear | Villager (Male) |
| 3:20 | Crear | Villager (Male) |
| 3:20 | Crear | Villager (Male) |
| 3:20 | Crear | Villager (Male) |
| 3:20 | Crear | Villager (Male) |
| 3:20 | Crear | Villager (Male) |
| 3:20 | Crear | Villager (Male) |
| 3:20 | Crear | Villager (Male) |
| 3:20 | Crear | Villager (Male) |
| 3:20 | Crear | Villager (Male) |
| 3:20 | Crear | Villager (Male) |
| 3:20 | Crear | Villager (Male) |
| 3:20 | Crear | Villager (Male) |
| 3:20 | Crear | Villager (Male) |
| 3:20 | Crear | Villager (Male) |
| 3:20 | Crear | Villager (Male) |
| 3:20 | Crear | Villager (Male) |
| 3:20 | Crear | Villager (Male) |
| 4:28 | Crear | Villager (Male) |
| 4:28 | Crear | Villager (Male) |
| 4:40 | Construir | House |
| 4:40 | Construir | House |
| 4:41 | Construir | Palisade Wall |
| 4:57 | Construir | House |
| 5:06 | Crear | Villager (Male) |
| 5:06 | Crear | Villager (Male) |
| 5:36 | Crear | Villager (Male) |
| 5:37 | Crear | Villager (Male) |
| 5:57 | Construir | Palisade Gate |
| 6:08 | Crear | Villager (Male) |
| 6:08 | Crear | Villager (Male) |
| 6:26 | Crear | Villager (Male) |
| 6:26 | Crear | Villager (Male) |
| 6:57 | Crear | Villager (Male) |
| 6:58 | Crear | Villager (Male) |
| 6:58 | Crear | Villager (Male) |
| 7:03 | Construir | Mill |
| 7:44 | Crear | Villager (Male) |
| 7:44 | Crear | Villager (Male) |
| 7:44 | Crear | Villager (Male) |
| 7:49 | Construir | House |
| 8:14 | Crear | Villager (Male) |
| 8:14 | Crear | Villager (Male) |
| 8:21 | Construir | House |
| 8:43 | Construir | House |
| 9:10 | Construir | House |
| 9:21 | Crear | Villager (Male) |
| 9:21 | Crear | Villager (Male) |
| 9:22 | Crear | Villager (Male) |
| 9:22 | Crear | Villager (Male) |
| 9:43 | Crear | Villager (Male) |
| 9:44 | Crear | Villager (Male) |
| 10:27 | Crear | Villager (Male) |
| 10:35 | Crear | Villager (Male) |
| 10:48 | Crear | Villager (Male) |
| 10:51 | Crear | Villager (Male) |
| 10:54 | Crear | Villager (Male) |
| 11:05 | Crear | Villager (Male) |
| 11:08 | Construir | Farm |
| 11:09 | Construir | Farm |
| 11:13 | Construir | Farm |
| 11:16 | Construir | Farm |
| 11:38 | Crear | Villager (Male) |
| 11:38 | Crear | Villager (Male) |
| 12:04 | Crear | Villager (Male) |
| 12:11 | Construir | Lumber Camp |
| 12:16 | Construir | House |
| 12:43 | Investigar | Loom |
| 12:43 | Investigar | Loom |
| 12:43 | Investigar | Loom |
| 12:46 | Construir | House |
| 13:03 | Construir | Mining Camp |
| 13:17 | Investigar | Feudal Age |
| 13:17 | Investigar | Feudal Age |
| 13:17 | Investigar | Feudal Age |
| 13:43 | Construir | House |
| 13:51 | Construir | House |
| 15:22 | Crear | Villager (Male) |
| 15:23 | Crear | Villager (Male) |
| 15:27 | Edad | Edad Feudal |
| 15:29 | Construir | Market |
| 15:32 | Construir | Blacksmith |
| 15:45 | Crear | Villager (Male) |
| 16:08 | Construir | Palisade Wall |
| 16:21 | Investigar | Castle Age |
| 16:21 | Investigar | Castle Age |
| 16:37 | Construir | House |
| 16:42 | Construir | Palisade Wall |
| 16:44 | Construir | Palisade Wall |
| 16:56 | Investigar | Double-Bit Axe |
| 16:56 | Investigar | Double-Bit Axe |
| 16:56 | Investigar | Double-Bit Axe |
| 19:01 | Edad | Edad de los Castillos |
| 19:04 | Construir | Castle |
| 19:09 | Crear | Villager (Male) |
| 19:09 | Crear | Villager (Male) |
| 19:18 | Construir | Mining Camp |
| 19:21 | Construir | Siege Workshop |
| 19:23 | Crear | Villager (Male) |
| 19:46 | Crear | Villager (Male) |
| 19:51 | Construir | Farm |
| 19:53 | Construir | Farm |
| 19:56 | Crear | Villager (Male) |
| 19:58 | Construir | Farm |
| 20:01 | Construir | Farm |
| 20:02 | Construir | Farm |
| 20:03 | Construir | Farm |
| 20:05 | Investigar | Horse Collar |
| 20:05 | Investigar | Horse Collar |
| 20:19 | Investigar | Fletching |
| 20:20 | Crear | Villager (Male) |
| 20:22 | Construir | Farm |
| 20:32 | Crear | Villager (Male) |
| 20:38 | Construir | Farm |
| 20:50 | Crear | Villager (Male) |
Build order — TOP GOON: MAVERICK
Primeras 150 de 236 acciones detectadas
| 0:31 | Construir | Town Center |
| 1:07 | Construir | House |
| 2:12 | Construir | House |
| 2:32 | Crear | Villager (Male) |
| 2:33 | Crear | Villager (Male) |
| 2:33 | Crear | Villager (Male) |
| 2:33 | Crear | Villager (Male) |
| 3:16 | Construir | Mill |
| 4:07 | Crear | Villager (Male) |
| 4:07 | Crear | Villager (Male) |
| 4:59 | Crear | Villager (Male) |
| 4:59 | Crear | Villager (Male) |
| 4:59 | Crear | Villager (Male) |
| 5:27 | Crear | Villager (Male) |
| 6:19 | Crear | Villager (Male) |
| 6:19 | Crear | Villager (Male) |
| 6:38 | Crear | Villager (Male) |
| 6:42 | Construir | House |
| 7:13 | Crear | Villager (Male) |
| 7:25 | Construir | Palisade Wall |
| 7:35 | Construir | House |
| 7:52 | Construir | House |
| 8:13 | Crear | Villager (Male) |
| 8:13 | Crear | Villager (Male) |
| 8:21 | Construir | House |
| 8:24 | Construir | House |
| 8:30 | Construir | Palisade Wall |
| 8:37 | Crear | Villager (Male) |
| 8:38 | Crear | Villager (Male) |
| 9:24 | Crear | Villager (Male) |
| 9:36 | Construir | House |
| 9:48 | Construir | Palisade Wall |
| 10:00 | Crear | Villager (Male) |
| 10:00 | Crear | Villager (Male) |
| 10:04 | Construir | Lumber Camp |
| 10:14 | Crear | Villager (Male) |
| 10:15 | Crear | Villager (Male) |
| 10:43 | Construir | Palisade Wall |
| 10:50 | Construir | Palisade Wall |
| 10:58 | Construir | House |
| 11:06 | Crear | Villager (Male) |
| 11:07 | Crear | Villager (Male) |
| 11:07 | Crear | Villager (Male) |
| 11:16 | Construir | Mill |
| 11:21 | Construir | Palisade Wall |
| 11:59 | Investigar | Feudal Age |
| 12:06 | Investigar | Loom |
| 12:09 | Investigar | Feudal Age |
| 12:16 | Construir | Mining Camp |
| 13:03 | Construir | Barracks |
| 13:08 | Construir | Palisade Wall |
| 13:25 | Crear | Villager (Male) |
| 13:25 | Crear | Villager (Male) |
| 14:13 | Construir | House |
| 14:17 | Crear | Villager (Male) |
| 14:53 | Edad | Edad Feudal |
| 14:56 | Construir | Market |
| 15:23 | Construir | Blacksmith |
| 15:32 | Construir | Archery Range |
| 15:40 | Construir | Palisade Wall |
| 15:43 | Crear | Villager (Male) |
| 15:54 | Construir | Palisade Wall |
| 16:16 | Investigar | Castle Age |
| 16:25 | Investigar | Double-Bit Axe |
| 16:26 | Investigar | Horse Collar |
| 16:47 | Construir | House |
| 16:52 | Crear | Villager (Male) |
| 16:57 | Construir | House |
| 17:14 | Construir | Stone Wall |
| 17:17 | Construir | Stone Wall |
| 17:20 | Crear | Villager (Male) |
| 17:24 | Crear | Archer |
| 17:24 | Crear | Archer |
| 17:24 | Crear | Archer |
| 17:25 | Crear | Archer |
| 17:35 | Construir | Farm |
| 17:36 | Construir | Farm |
| 17:36 | Construir | Farm |
| 17:37 | Construir | Farm |
| 17:37 | Construir | Farm |
| 17:37 | Construir | Farm |
| 17:37 | Construir | Farm |
| 17:38 | Construir | Farm |
| 18:21 | Crear | Spearman |
| 18:27 | Crear | Villager (Male) |
| 18:34 | Investigar | Gold Mining |
| 18:35 | Crear | Archer |
| 18:36 | Crear | Archer |
| 18:36 | Crear | Archer |
| 18:47 | Construir | Gate |
| 18:56 | Edad | Edad de los Castillos |
| 18:59 | Construir | Palisade Wall |
| 19:00 | Crear | Villager (Male) |
| 19:10 | Construir | Farm |
| 19:11 | Construir | Farm |
| 19:11 | Construir | Farm |
| 19:11 | Construir | Farm |
| 19:12 | Crear | Villager (Male) |
| 19:33 | Construir | Stone Wall |
| 19:35 | Construir | Stone Wall |
| 19:38 | Crear | Villager (Male) |
| 19:38 | Crear | Villager (Male) |
| 19:51 | Investigar | Bow Saw |
| 19:53 | Crear | Archer |
| 19:53 | Crear | Archer |
| 19:54 | Crear | Archer |
| 20:04 | Crear | Spearman |
| 20:10 | Crear | Archer |
| 20:10 | Crear | Archer |
| 20:21 | Crear | Villager (Male) |
| 20:21 | Crear | Villager (Male) |
| 20:36 | Construir | Stone Wall |
| 20:38 | Crear | Archer |
| 20:47 | Construir | Town Center |
| 20:49 | Crear | Villager (Male) |
| 20:58 | Construir | House |
| 20:59 | Construir | House |
| 21:29 | Crear | Villager (Male) |
| 21:30 | Crear | Archer |
| 21:36 | Crear | Villager (Male) |
| 21:36 | Crear | Villager (Male) |
| 21:56 | Crear | Spearman |
| 21:56 | Crear | Spearman |
| 22:22 | Crear | Archer |
| 22:22 | Crear | Villager (Male) |
| 22:27 | Crear | Villager (Male) |
| 22:29 | Crear | Villager (Male) |
| 22:29 | Crear | Villager (Male) |
| 22:30 | Crear | Villager (Male) |
| 22:44 | Construir | Lumber Camp |
| 22:51 | Investigar | Crossbowman (upgrade) |
| 23:01 | Construir | Blacksmith |
| 23:51 | Crear | Villager (Male) |
| 23:57 | Crear | Villager (Male) |
| 23:57 | Crear | Villager (Male) |
| 23:57 | Crear | Villager (Male) |
| 23:58 | Crear | Villager (Male) |
| 24:02 | Construir | Town Center |
| 24:05 | Crear | Villager (Male) |
| 24:35 | Crear | Villager (Male) |
| 24:35 | Crear | Villager (Male) |
| 24:35 | Crear | Villager (Male) |
| 24:35 | Crear | Villager (Male) |
| 24:38 | Construir | Farm |
| 24:39 | Construir | Farm |
| 24:39 | Construir | Farm |
| 24:39 | Construir | Farm |
| 24:40 | Construir | Farm |
| 24:40 | Construir | Farm |
| 24:40 | Construir | Farm |
Build order — Armazmar
Primeras 150 de 162 acciones detectadas
| 0:18 | Construir | Lumber Camp |
| 0:19 | Construir | House |
| 0:37 | Construir | Town Center |
| 2:57 | Crear | Villager (Male) |
| 3:00 | Crear | Villager (Male) |
| 3:00 | Crear | Villager (Male) |
| 3:00 | Crear | Villager (Male) |
| 3:01 | Crear | Villager (Male) |
| 3:01 | Crear | Villager (Male) |
| 3:01 | Crear | Villager (Male) |
| 3:20 | Investigar | Loom |
| 4:13 | Investigar | Loom |
| 4:13 | Crear | Villager (Male) |
| 4:13 | Crear | Villager (Male) |
| 4:14 | Crear | Villager (Male) |
| 4:14 | Crear | Villager (Male) |
| 4:23 | Crear | Villager (Male) |
| 4:23 | Crear | Villager (Male) |
| 5:13 | Construir | House |
| 5:29 | Construir | House |
| 6:17 | Crear | Villager (Male) |
| 6:17 | Crear | Villager (Male) |
| 6:26 | Construir | House |
| 6:36 | Construir | House |
| 7:10 | Crear | Villager (Male) |
| 7:20 | Crear | Villager (Male) |
| 7:20 | Crear | Villager (Male) |
| 7:42 | Construir | House |
| 7:46 | Construir | Palisade Wall |
| 8:04 | Crear | Villager (Male) |
| 8:04 | Crear | Villager (Male) |
| 8:05 | Crear | Villager (Male) |
| 8:05 | Crear | Villager (Male) |
| 8:17 | Construir | House |
| 8:20 | Construir | Palisade Wall |
| 8:46 | Construir | Palisade Gate |
| 8:55 | Construir | Palisade Gate |
| 9:32 | Crear | Villager (Male) |
| 9:32 | Crear | Villager (Male) |
| 9:32 | Crear | Villager (Male) |
| 10:27 | Crear | Villager (Male) |
| 10:28 | Crear | Villager (Male) |
| 10:39 | Construir | Mill |
| 10:46 | Crear | Villager (Male) |
| 10:47 | Crear | Villager (Male) |
| 11:18 | Crear | Villager (Male) |
| 11:19 | Crear | Villager (Male) |
| 11:19 | Crear | Villager (Male) |
| 11:39 | Crear | Villager (Male) |
| 11:39 | Crear | Villager (Male) |
| 11:39 | Crear | Villager (Male) |
| 13:02 | Investigar | Feudal Age |
| 13:12 | Construir | Palisade Wall |
| 13:13 | Construir | Palisade Wall |
| 14:06 | Construir | Palisade Wall |
| 14:08 | Construir | Palisade Wall |
| 14:20 | Construir | House |
| 14:21 | Construir | House |
| 14:52 | Construir | Palisade Wall |
| 14:52 | Construir | Palisade Wall |
| 15:06 | Construir | Mining Camp |
| 15:12 | Edad | Edad Feudal |
| 15:15 | Crear | Villager (Male) |
| 15:15 | Crear | Villager (Male) |
| 15:18 | Construir | House |
| 15:32 | Construir | Blacksmith |
| 15:51 | Construir | Market |
| 15:57 | Construir | Palisade Wall |
| 16:02 | Crear | Villager (Male) |
| 16:02 | Crear | Villager (Male) |
| 16:07 | Investigar | Double-Bit Axe |
| 16:33 | Crear | Villager (Male) |
| 16:33 | Crear | Villager (Male) |
| 16:34 | Crear | Villager (Male) |
| 16:34 | Investigar | Horse Collar |
| 16:38 | Investigar | Horse Collar |
| 16:50 | Construir | House |
| 17:27 | Construir | Farm |
| 17:27 | Construir | Farm |
| 17:27 | Construir | Farm |
| 17:27 | Construir | Farm |
| 17:27 | Construir | Farm |
| 17:28 | Construir | Farm |
| 17:28 | Construir | Farm |
| 17:28 | Construir | Farm |
| 17:51 | Construir | Farm |
| 17:59 | Crear | Villager (Male) |
| 17:59 | Crear | Villager (Male) |
| 18:06 | Construir | Farm |
| 18:13 | Construir | Palisade Wall |
| 18:14 | Construir | Palisade Wall |
| 18:31 | Construir | Farm |
| 18:33 | Construir | Farm |
| 19:25 | Construir | Palisade Wall |
| 19:26 | Construir | Palisade Wall |
| 19:49 | Investigar | Castle Age |
| 19:49 | Investigar | Castle Age |
| 20:03 | Construir | Stone Wall |
| 20:08 | Construir | Stone Wall |
| 20:09 | Construir | Stone Wall |
| 20:19 | Construir | Stone Wall |
| 22:24 | Crear | Villager (Male) |
| 22:24 | Crear | Villager (Male) |
| 22:24 | Crear | Villager (Male) |
| 22:29 | Edad | Edad de los Castillos |
| 22:31 | Construir | Siege Workshop |
| 22:36 | Construir | Town Center |
| 22:47 | Investigar | Gold Mining |
| 22:48 | Crear | Villager (Male) |
| 22:52 | Investigar | Bow Saw |
| 23:02 | Crear | Mangonel |
| 23:03 | Crear | Mangonel |
| 23:33 | Crear | Villager (Male) |
| 23:34 | Crear | Villager (Male) |
| 23:34 | Crear | Villager (Male) |
| 23:34 | Crear | Villager (Male) |
| 23:42 | Construir | Farm |
| 23:43 | Construir | Farm |
| 23:51 | Construir | Farm |
| 24:05 | Crear | Villager (Male) |
| 24:05 | Crear | Villager (Male) |
| 24:09 | Crear | Villager (Male) |
| 24:09 | Crear | Villager (Male) |
| 24:36 | Construir | Lumber Camp |
| 24:43 | Crear | Villager (Male) |
| 24:43 | Crear | Villager (Male) |
| 24:43 | Crear | Villager (Male) |
| 25:04 | Crear | Mangonel |
| 26:04 | Crear | Mangonel |
| 27:21 | Crear | Villager (Male) |
| 27:21 | Crear | Villager (Male) |
| 27:22 | Crear | Villager (Male) |
| 27:23 | Crear | Villager (Male) |
| 27:25 | Crear | Villager (Male) |
| 27:25 | Crear | Villager (Male) |
| 27:27 | Crear | Mangonel |
| 27:29 | Construir | House |
| 27:30 | Construir | House |
| 28:15 | Construir | Town Center |
| 28:38 | Crear | Villager (Male) |
| 28:38 | Crear | Villager (Male) |
| 29:09 | Construir | Mill |
| 29:19 | Crear | Villager (Male) |
| 29:19 | Crear | Villager (Male) |
| 29:20 | Construir | Farm |
| 29:20 | Construir | Farm |
| 29:21 | Construir | Farm |
| 29:21 | Construir | Farm |
| 29:45 | Construir | Siege Workshop |
| 29:53 | Crear | Villager (Male) |
Build order — wylyu
Primeras 150 de 171 acciones detectadas
| 0:26 | Construir | Town Center |
| 2:52 | Crear | Villager (Male) |
| 2:52 | Crear | Villager (Male) |
| 2:53 | Crear | Villager (Male) |
| 2:56 | Construir | House |
| 3:00 | Construir | House |
| 3:19 | Crear | Villager (Male) |
| 4:33 | Crear | Villager (Male) |
| 5:00 | Crear | Villager (Male) |
| 5:19 | Construir | House |
| 5:28 | Crear | Villager (Male) |
| 5:53 | Crear | Villager (Male) |
| 6:20 | Crear | Villager (Male) |
| 6:48 | Construir | House |
| 6:54 | Crear | Villager (Male) |
| 7:17 | Construir | House |
| 7:20 | Crear | Villager (Male) |
| 7:24 | Construir | House |
| 7:38 | Crear | Villager (Male) |
| 7:45 | Construir | House |
| 8:06 | Crear | Villager (Male) |
| 8:25 | Crear | Villager (Male) |
| 8:34 | Crear | Villager (Male) |
| 9:08 | Crear | Villager (Male) |
| 9:28 | Crear | Villager (Male) |
| 9:44 | Construir | Lumber Camp |
| 9:53 | Construir | Mill |
| 9:58 | Crear | Villager (Male) |
| 10:18 | Construir | Mining Camp |
| 10:33 | Crear | Villager (Male) |
| 10:55 | Crear | Villager (Male) |
| 11:32 | Investigar | Feudal Age |
| 13:15 | Crear | Villager (Male) |
| 13:15 | Crear | Villager (Male) |
| 13:42 | Edad | Edad Feudal |
| 13:44 | Investigar | Town Watch |
| 13:48 | Construir | Market |
| 13:51 | Construir | Blacksmith |
| 15:00 | Investigar | Castle Age |
| 16:00 | Investigar | Double-Bit Axe |
| 16:00 | Investigar | Double-Bit Axe |
| 16:45 | Investigar | Horse Collar |
| 17:31 | Crear | Villager (Male) |
| 17:40 | Edad | Edad de los Castillos |
| 17:45 | Construir | Siege Workshop |
| 17:47 | Crear | Villager (Male) |
| 17:54 | Construir | Town Center |
| 18:06 | Crear | Villager (Male) |
| 18:09 | Investigar | Loom |
| 18:19 | Construir | Town Center |
| 18:21 | Construir | Farm |
| 18:22 | Construir | Farm |
| 18:29 | Crear | Villager (Male) |
| 18:38 | Construir | House |
| 18:57 | Construir | House |
| 18:58 | Crear | Mangonel |
| 19:09 | Crear | Villager (Male) |
| 19:23 | Construir | Farm |
| 19:43 | Construir | House |
| 19:45 | Crear | Villager (Male) |
| 20:02 | Crear | Battering Ram |
| 20:09 | Construir | Farm |
| 20:09 | Crear | Villager (Male) |
| 20:29 | Construir | Farm |
| 21:01 | Crear | Villager (Male) |
| 21:02 | Crear | Villager (Male) |
| 21:03 | Crear | Villager (Male) |
| 21:22 | Crear | Scorpion |
| 21:27 | Construir | Outpost |
| 21:30 | Construir | Farm |
| 21:31 | Construir | Farm |
| 21:32 | Construir | Farm |
| 21:32 | Construir | Farm |
| 21:32 | Construir | Farm |
| 21:33 | Crear | Villager (Male) |
| 22:20 | Construir | Farm |
| 22:20 | Construir | Farm |
| 22:21 | Construir | Farm |
| 22:23 | Crear | Villager (Male) |
| 22:23 | Crear | Villager (Male) |
| 22:29 | Construir | Outpost |
| 22:29 | Crear | Villager (Male) |
| 22:31 | Crear | Villager (Male) |
| 22:34 | Crear | Villager (Male) |
| 22:46 | Crear | Villager (Male) |
| 22:52 | Crear | Villager (Male) |
| 23:03 | Crear | Villager (Male) |
| 23:04 | Construir | House |
| 23:15 | Construir | Farm |
| 23:15 | Construir | Farm |
| 23:15 | Construir | Farm |
| 23:15 | Construir | Farm |
| 23:19 | Crear | Villager (Male) |
| 23:24 | Crear | Villager (Male) |
| 23:27 | Crear | Villager (Male) |
| 23:38 | Crear | Villager (Male) |
| 23:40 | Construir | Farm |
| 23:40 | Construir | Farm |
| 23:41 | Construir | Farm |
| 24:12 | Crear | Villager (Male) |
| 24:18 | Crear | Villager (Male) |
| 24:23 | Crear | Villager (Male) |
| 24:25 | Crear | Villager (Male) |
| 24:31 | Construir | Farm |
| 24:32 | Construir | Farm |
| 24:33 | Crear | Villager (Male) |
| 24:41 | Construir | Palisade Wall |
| 24:44 | Crear | Villager (Male) |
| 24:47 | Crear | Scorpion |
| 24:51 | Construir | Farm |
| 24:51 | Crear | Villager (Male) |
| 24:54 | Construir | Farm |
| 25:08 | Crear | Villager (Male) |
| 25:17 | Crear | Villager (Male) |
| 25:26 | Crear | Villager (Male) |
| 25:26 | Crear | Villager (Male) |
| 25:30 | Construir | House |
| 25:52 | Crear | Villager (Male) |
| 25:52 | Crear | Villager (Male) |
| 25:57 | Crear | Villager (Male) |
| 26:06 | Construir | Mill |
| 26:07 | Construir | Farm |
| 26:07 | Construir | Farm |
| 26:08 | Construir | Farm |
| 26:08 | Construir | Farm |
| 26:09 | Crear | Villager (Male) |
| 26:14 | Crear | Villager (Male) |
| 26:28 | Investigar | Wheelbarrow |
| 26:37 | Construir | House |
| 26:39 | Construir | House |
| 26:58 | Crear | Villager (Male) |
| 27:03 | Construir | Outpost |
| 27:05 | Crear | Villager (Male) |
| 27:08 | Crear | Villager (Male) |
| 27:12 | Crear | Villager (Male) |
| 27:28 | Construir | Outpost |
| 27:28 | Crear | Villager (Male) |
| 27:32 | Construir | Farm |
| 27:33 | Construir | Farm |
| 27:33 | Construir | Farm |
| 27:33 | Construir | Farm |
| 27:34 | Construir | Farm |
| 27:34 | Construir | Farm |
| 27:34 | Crear | Villager (Male) |
| 27:43 | Crear | Scorpion |
| 27:57 | Crear | Villager (Male) |
| 27:58 | Crear | Villager (Male) |
| 28:01 | Construir | Barracks |
| 28:03 | Crear | Villager (Male) |
| 28:20 | Construir | House |
Build order — acimasizabbas
147 acciones detectadas en el replay
| 0:06 | Construir | Town Center |
| 1:45 | Construir | House |
| 2:25 | Construir | House |
| 2:33 | Crear | Villager (Male) |
| 2:33 | Crear | Villager (Male) |
| 2:33 | Crear | Villager (Male) |
| 2:34 | Crear | Villager (Male) |
| 2:49 | Investigar | Loom |
| 2:49 | Crear | Villager (Male) |
| 2:49 | Crear | Villager (Male) |
| 2:50 | Crear | Villager (Male) |
| 3:22 | Construir | House |
| 3:40 | Construir | House |
| 4:22 | Construir | House |
| 4:28 | Crear | Villager (Male) |
| 4:40 | Crear | Villager (Male) |
| 5:09 | Crear | Villager (Male) |
| 5:26 | Construir | Lumber Camp |
| 5:35 | Construir | House |
| 5:43 | Crear | Villager (Male) |
| 5:43 | Crear | Villager (Male) |
| 6:15 | Crear | Villager (Male) |
| 6:26 | Construir | House |
| 6:51 | Crear | Villager (Male) |
| 6:52 | Crear | Villager (Male) |
| 6:57 | Construir | House |
| 7:20 | Crear | Villager (Male) |
| 8:12 | Crear | Villager (Male) |
| 8:31 | Construir | House |
| 8:44 | Crear | Villager (Male) |
| 8:58 | Construir | Mill |
| 9:04 | Crear | Villager (Male) |
| 9:29 | Crear | Villager (Male) |
| 9:37 | Crear | Villager (Male) |
| 10:28 | Investigar | Feudal Age |
| 10:48 | Construir | Barracks |
| 11:07 | Crear | Villager (Male) |
| 11:46 | Construir | House |
| 12:38 | Edad | Edad Feudal |
| 12:40 | Construir | Stable |
| 13:00 | Crear | Villager (Male) |
| 13:17 | Investigar | Double-Bit Axe |
| 13:23 | Crear | Scout Cavalry |
| 13:23 | Crear | Scout Cavalry |
| 13:29 | Crear | Villager (Male) |
| 13:29 | Crear | Villager (Male) |
| 13:44 | Construir | Mining Camp |
| 13:56 | Crear | Scout Cavalry |
| 14:03 | Crear | Villager (Male) |
| 14:24 | Crear | Villager (Male) |
| 14:32 | Construir | Mill |
| 14:38 | Crear | Scout Cavalry |
| 14:58 | Construir | House |
| 15:02 | Investigar | Town Watch |
| 15:49 | Crear | Villager (Male) |
| 15:49 | Crear | Villager (Male) |
| 15:52 | Construir | Farm |
| 15:53 | Construir | Farm |
| 15:56 | Construir | Farm |
| 15:58 | Construir | Farm |
| 15:59 | Crear | Villager (Male) |
| 17:02 | Crear | Villager (Male) |
| 17:06 | Construir | Blacksmith |
| 17:09 | Construir | Farm |
| 17:30 | Crear | Villager (Male) |
| 17:48 | Construir | Farm |
| 17:53 | Crear | Villager (Male) |
| 17:57 | Construir | House |
| 18:07 | Construir | Farm |
| 18:16 | Investigar | Castle Age |
| 18:33 | Construir | Palisade Wall |
| 18:47 | Construir | Archery Range |
| 18:54 | Investigar | Fletching |
| 19:17 | Investigar | Gold Mining |
| 19:20 | Investigar | Horse Collar |
| 19:48 | Construir | Archery Range |
| 19:57 | Crear | Villager (Male) |
| 20:45 | Construir | Archery Range |
| 21:01 | Edad | Edad de los Castillos |
| 21:02 | Crear | Cavalry Archer |
| 21:03 | Crear | Cavalry Archer |
| 21:03 | Crear | Cavalry Archer |
| 21:05 | Investigar | Bodkin Arrow |
| 21:06 | Crear | Villager (Male) |
| 21:06 | Crear | Villager (Male) |
| 21:13 | Construir | House |
| 21:15 | Construir | Palisade Wall |
| 21:18 | Construir | Palisade Wall |
| 21:21 | Construir | House |
| 21:23 | Construir | Palisade Wall |
| 21:42 | Crear | Cavalry Archer |
| 21:43 | Crear | Cavalry Archer |
| 22:12 | Construir | Mining Camp |
| 22:16 | Construir | Town Center |
| 23:07 | Crear | Scout Cavalry |
| 23:07 | Crear | Scout Cavalry |
| 23:23 | Construir | Stable |
| 23:26 | Construir | Siege Workshop |
| 23:49 | Crear | Scout Cavalry |
| 23:57 | Crear | Villager (Male) |
| 24:04 | Crear | Villager (Male) |
| 24:04 | Crear | Villager (Male) |
| 24:15 | Crear | Cavalry Archer |
| 24:38 | Crear | Cavalry Archer |
| 24:49 | Crear | Villager (Male) |
| 24:49 | Crear | Villager (Male) |
| 25:22 | Crear | Cavalry Archer ×2 |
| 25:45 | Crear | Cavalry Archer |
| 25:45 | Crear | Villager (Male) |
| 25:46 | Crear | Villager (Male) |
| 25:52 | Construir | Town Center |
| 25:58 | Construir | Mining Camp |
| 26:00 | Crear | Villager (Male) |
| 26:08 | Crear | Mangonel |
| 26:15 | Construir | House |
| 26:16 | Construir | House |
| 26:24 | Construir | Farm |
| 26:32 | Crear | Cavalry Archer |
| 26:37 | Construir | House |
| 26:46 | Construir | Market |
| 26:52 | Investigar | Wheelbarrow |
| 26:55 | Construir | House |
| 26:56 | Construir | House |
| 26:58 | Crear | Cavalry Archer ×2 |
| 27:15 | Construir | Mining Camp |
| 27:19 | Crear | Cavalry Archer |
| 27:22 | Crear | Villager (Male) |
| 27:32 | Crear | Cavalry Archer |
| 27:33 | Crear | Cavalry Archer |
| 28:00 | Construir | Farm |
| 28:06 | Crear | Cavalry Archer ×3 |
| 28:09 | Construir | Archery Range |
| 28:11 | Crear | Villager (Male) |
| 28:11 | Crear | Villager (Male) |
| 28:18 | Crear | Villager (Male) |
| 28:53 | Crear | Cavalry Archer ×3 |
| 29:01 | Crear | Villager (Male) |
| 29:01 | Crear | Villager (Male) |
| 29:29 | Crear | Cavalry Archer ×3 |
| 29:42 | Construir | House |
| 29:44 | Crear | Cavalry Archer |
| 29:46 | Crear | Villager (Male) |
| 29:47 | Crear | Villager (Male) |
| 30:25 | Construir | Farm |
| 30:26 | Construir | Farm |
| 30:39 | Crear | Mangonel |
| 31:01 | Investigar | Padded Archer Armor |
Cronología de la partida
| 4:41 | IncredulousFox · wall_segment Palisade Wall x1 |
| 5:23 | 'lu · wall_segment Palisade Wall x1 |
| 6:12 | JAxys · wall_segment Palisade Wall x1 |
| 7:25 | TOP GOON: MAVERICK · wall_segment Palisade Wall x1 |
| 7:46 | Armazmar · wall_segment Palisade Wall x6 |
| 8:20 | Armazmar · wall_segment Palisade Wall x14 |
| 8:30 | TOP GOON: MAVERICK · wall_segment Palisade Wall x3 |
| 9:07 | 'lu · wall_segment Palisade Wall x1 |
| 9:11 | 'lu · wall_segment Palisade Wall x1 |
| 9:32 | 'lu · wall_segment Palisade Wall x1 |
| 9:38 | 'lu · wall_segment Palisade Wall x1 |
| 9:48 | TOP GOON: MAVERICK · wall_segment Palisade Wall x1 |
| 10:43 | TOP GOON: MAVERICK · wall_segment Palisade Wall x1 |
| 10:48 | acimasizabbas · first_building Barracks |
| 10:50 | TOP GOON: MAVERICK · wall_segment Palisade Wall x1 |
| 11:21 | TOP GOON: MAVERICK · wall_segment Palisade Wall x1 |
| 12:29 | JAxys · wall_segment Palisade Wall x3 |
| 12:38 | acimasizabbas · age_up feudal |
| 12:40 | acimasizabbas · first_building Stable |
| 13:03 | TOP GOON: MAVERICK · first_building Barracks |
| 13:08 | TOP GOON: MAVERICK · wall_segment Palisade Wall x11 |
| 13:12 | Armazmar · wall_segment Palisade Wall x2 |
| 13:13 | Armazmar · wall_segment Palisade Wall x6 |
| 13:23 | JAxys · first_building Barracks |
| 13:30 | 'lu · wall_segment Palisade Wall x1 |
| 13:42 | wylyu · age_up feudal |
| 14:01 | 'lu · age_up feudal |
| 14:06 | Armazmar · wall_segment Palisade Wall x5 |
| 14:08 | Armazmar · wall_segment Palisade Wall x14 |
| 14:40 | JAxys · age_up feudal |
| 14:52 | Armazmar · wall_segment Palisade Wall x2 |
| 14:52 | Armazmar · wall_segment Palisade Wall x2 |
| 14:53 | TOP GOON: MAVERICK · age_up feudal |
| 15:00 | Biba · age_up feudal |
| 15:12 | Armazmar · age_up feudal |
| 15:27 | IncredulousFox · age_up feudal |
| 15:31 | JAxys · wall_segment Palisade Wall x1 |
| 15:32 | TOP GOON: MAVERICK · first_building Archery Range |
| 15:33 | JAxys · wall_segment Palisade Wall x1 |
| 15:40 | TOP GOON: MAVERICK · wall_segment Palisade Wall x8 |
| 15:54 | TOP GOON: MAVERICK · wall_segment Palisade Wall x9 |
| 15:57 | Armazmar · wall_segment Palisade Wall x1 |
| 16:08 | IncredulousFox · wall_segment Palisade Wall x1 |
| 16:19 | IncredulousFox · first_market_sell 100 wood |
| 16:33 | JAxys · first_building Stable |
| 16:40 | wylyu · first_market_buy 100 food |
| 16:42 | wylyu · first_market_sell 100 wood |
| 16:42 | IncredulousFox · wall_segment Palisade Wall x4 |
| 16:44 | IncredulousFox · wall_segment Palisade Wall x4 |
| 17:14 | TOP GOON: MAVERICK · wall_segment Stone Wall x14 |
| 17:17 | TOP GOON: MAVERICK · wall_segment Stone Wall x12 |
| 17:19 | 'lu · age_up castle |
| 17:40 | wylyu · age_up castle |
| 17:45 | wylyu · first_building Siege Workshop |
| 18:13 | Armazmar · wall_segment Palisade Wall x6 |
| 18:14 | Armazmar · wall_segment Palisade Wall x9 |
| 18:33 | acimasizabbas · wall_segment Palisade Wall x1 |
| 18:47 | acimasizabbas · first_building Archery Range |
| 18:56 | TOP GOON: MAVERICK · age_up castle |
| 18:59 | TOP GOON: MAVERICK · wall_segment Palisade Wall x4 |
| 19:01 | IncredulousFox · age_up castle |
| 19:04 | IncredulousFox · first_building Castle |
| 19:05 | Armazmar · first_market_buy 100 food |
| 19:21 | IncredulousFox · first_building Siege Workshop |
| 19:25 | Armazmar · wall_segment Palisade Wall x5 |
| 19:26 | Armazmar · wall_segment Palisade Wall x6 |
| 19:32 | Armazmar · first_market_sell 100 wood |
| 19:33 | TOP GOON: MAVERICK · wall_segment Stone Wall x1 |
| 19:35 | TOP GOON: MAVERICK · wall_segment Stone Wall x6 |
| 20:03 | Armazmar · wall_segment Stone Wall x7 |
| 20:08 | Armazmar · wall_segment Stone Wall x4 |
| 20:09 | Armazmar · wall_segment Stone Wall x7 |
| 20:15 | 'lu · first_market_sell 100 wood |
| 20:15 | 'lu · first_market_buy 100 food |
| 20:19 | Armazmar · wall_segment Stone Wall x5 |
| 20:36 | TOP GOON: MAVERICK · wall_segment Stone Wall x4 |
| 20:40 | TOP GOON: MAVERICK · first_market_buy 100 stone |
| 21:01 | acimasizabbas · age_up castle |
| 21:15 | acimasizabbas · wall_segment Palisade Wall x1 |
| 21:18 | acimasizabbas · wall_segment Palisade Wall x1 |
| 21:23 | acimasizabbas · wall_segment Palisade Wall x1 |
| 22:29 | Armazmar · age_up castle |
| 22:31 | Armazmar · first_building Siege Workshop |
| 23:12 | 'lu · first_building Monastery |
| 23:26 | acimasizabbas · first_building Siege Workshop |
| 24:24 | IncredulousFox · first_market_buy 100 wood |
| 24:41 | wylyu · wall_segment Palisade Wall x1 |
| 24:55 | JAxys · wall_segment Palisade Wall x3 |
| 24:58 | JAxys · wall_segment Palisade Wall x1 |
| 24:59 | JAxys · wall_segment Palisade Wall x1 |
| 27:23 | TOP GOON: MAVERICK · first_building Monastery |
| 28:01 | wylyu · first_building Barracks |
| 29:00 | 'lu · first_building Barracks |
| 29:05 | TOP GOON: MAVERICK · first_building Castle |
| 29:13 | wylyu · first_building Castle |
| 29:15 | JAxys · wall_segment Palisade Wall x1 |
| 29:25 | 'lu · first_building Stable |
| 30:34 | wylyu · first_building Monastery |
| 30:36 | acimasizabbas · first_market_buy 100 wood |
| 31:07 | JAxys · age_up castle |
| 31:13 | IncredulousFox · resign |
| 31:26 | 'lu · age_up imperial |
[ ANÁLISIS IA · 1 CRÉDITO ]
¿Qué pasó realmente en esta partida?
Wolo.gg analiza cada decisión: build order, eco, micro, errores típicos por bracket. Análisis personalizado por WhatsApp o Discord en 30 segundos.
Guía civ
Persas
Guía mapa
Land Nomad
Perfil
'lu